 Dungeon Crawl Stone Soup version 0.31.0-32-g396128a36d (webtiles) character file.

Game seed: 13803082477256651469

95 Ardipithecus the Chopper (level 4, -4/41 HPs)
             Began as a Minotaur Berserker on Apr 13, 2024.
             Was a Believer of Trog.
             Shot with an arrow by a centaur (9 damage)
             ... on level 3 of the Dungeon.
             The game lasted 00:02:24 (1878 turns).

Ardipithecus the Chopper (Minotaur Berserker)       Turns: 1878, Time: 00:02:24

Health: -4/41      AC:  2    Str: 24    XL:     4   Next: 39%
Magic:  3/3        EV: 12    Int:  4    God:    Trog [**....]
Gold:   104        SH:  0    Dex:  9    Spells: 3/3 levels left

rFire   . . .        a - +0 hand axe
rCold   + . .        (no shield)
rNeg    . . .        b - +0 animal skin
rPois   .            (helmet restricted)
rElec   .            (no cloak)
rCorr   .            (no gloves)
SInv    .            (no boots)
Will    .....        (no amulet)
Stlth   +            m - ring of protection from cold
HPRegen 0.26/turn    (no ring)
MPRegen 0.08/turn

%: no passive effects
@: no status effects
A: horns 2, retaliatory headbutt
a: Renounce Religion, Berserk, Trog's Hand


You were on level 3 of the Dungeon.
You worshipped Trog.
Trog was pleased with you.
You visited 1 branch of the dungeon, and saw 3 of its levels.

You collected 104 gold pieces.

Inventory:

Hand Weapons
 a - a +0 hand axe (weapon)
Armour
 b - a +0 animal skin (worn)
 k - an orb of mayhem
Jewellery
 l - a +6 ring of intelligence
 m - a ring of protection from cold (left hand)
Scrolls
 d - 2 scrolls of identify {unknown}
 f - a scroll of immolation {unknown}
 h - a scroll of amnesia {unknown}
 i - a scroll of blinking {unknown}
 p - a scroll of vulnerability {unknown}
Potions
 c - a potion of berserk rage {unknown}
 e - a potion of degeneration {unknown}
 g - a potion of haste {unknown}
 j - a potion of curing {unknown}
 n - a potion of resistance {unknown}
 o - a potion of lignification {unknown}


   Skills:
 * Level 4.6 Fighting
 + Level 4.9 Axes
 * Level 2.8 Armour
 * Level 2.9 Dodging


You had 3 spell levels left.
You didn't know any spells.
Your spell library was empty.

Dungeon Overview and Level Annotations

Branches:
Dungeon (3/15)

Altars:

Shops:
D:2 :


Innate Abilities, Weirdness & Mutations

You have a pair of horns on your head.
You reflexively headbutt those who attack you in melee.


Message History

The ribbon worm misses you.
You hit the ribbon worm.
The ribbon worm is severely wounded.
The ribbon worm bites you!
You slash the ribbon worm!
You kill the ribbon worm!
Trog accepts your kill.
You see here a ribbon worm corpse.
A hobgoblin comes into view.
The hobgoblin shouts!
A hobgoblin is nearby!
The hobgoblin barely misses you.
You closely miss the hobgoblin. The hobgoblin closely misses you.
You furiously retaliate!
You headbutt the hobgoblin!
You kill the hobgoblin!
Trog accepts your kill.
You see here a hobgoblin corpse.
Done exploring.
Done exploring.
What level of the Dungeon? (default 1, ? - help)
There is a stone staircase leading down here.
You climb downwards.
The rat squeaks loudly.
The centaur shouts!
There is a stone staircase leading up here.
There are monsters nearby!
Unknown command.
The centaur wields a +0 orcbow.
The centaur shoots an arrow.
The arrow hits you!
You hear a loud squeak.
A rat comes into view.
The rat squeaks loudly.
The centaur shoots an arrow.
The arrow hits you!
The centaur shoots an arrow.
The arrow hits you!
* * * LOW HITPOINT WARNING * * *
The rat bites you.
* * * LOW HITPOINT WARNING * * *
There is a stone staircase leading up here.
Unknown command.
The centaur shoots an arrow.
The arrow hits you!
You die...

........
.......
#.#...#
#.#...#
#.#...#
#.#...#
#.#r..#.#
#.@.c...#
#.#...###
#.###...r..
... #.....
#.#. #.##.
...## .#
#.# . #. #
#


You could see a centaur and 2 rats.

Vanquished Creatures
  3 gnolls (D:2)
  An adder (D:2)
  A dart slug (D:1)
  A ribbon worm (D:2)
  5 ball pythons
  6 endoplasms
  2 giant cockroaches (D:1)
  6 goblins
  8 hobgoblins
  2 jackals (D:1)
  3 quokkas
  A bat (D:1)
  3 frilled lizards
  A kobold (D:1)
  5 rats (D:1)
48 creatures vanquished.

Notes
Turn   | Place    | Note
-------+----------+-------------------------------------------
     0 | D:1      | Ardipithecus the Minotaur Berserker began the quest for the
                  | Orb.
     0 | D:1      | Reached XP level 1. HP: 19/19 MP: 0/0
   104 | D:1      | Reached XP level 2. HP: 20/27 MP: 1/1
   386 | D:1      | Reached XP level 3. HP: 33/33 MP: 2/2
   871 | D:2      | Reached ** piety under Trog
  1003 | D:2      | Reached XP level 4. HP: 19/41 MP: 3/3
  1321 | D:2      | Found Zovitah's Book Boutique.
  1872 | D:3      | Noticed a centaur
  1878 | D:3      | Shot with an arrow by a centaur

Illustrated notes

Levels and vault maps discovered:
D:1:      amcnicky_arrival_abandoned_market, layout_basic
D:2:      layout_loops_corners, serial_shops, shop, minmay_pentomino_o2
D:3:      layout_loops_cross, minmay_liquid_box, kennysheep_boxes

Skill      XL: |  1  2 |
---------------+-------+-----
Axes           | 4 |  4.9
Fighting       | 4 |  4.6
Armour         | |  2.8
Dodging        | |  2.9

Action                     |  1- 3 |  4- 6 || total
---------------------------+-------+-------++-------
  Melee: Hand axe          |    55 |    29 ||    84
         Headbutt          |     8 |     2 ||    10
 Armour: Animal skin       |    42 |    13 ||    55
  Dodge: Dodged            |    64 |    21 ||    85
